[Event "Lliga Catalana DH 2023"]
[Site "Catalonia"]
[Date "2023.01.28"]
[Round "2.8"]
[White "Perez Manas, Benjamin"]
[Black "Chalmeta Ugas, Jordi"]
[Result "1-0"]
[ECO "C07"]
[WhiteElo "2192"]
[BlackElo "2158"]
[Annotator "TA"]
[PlyCount "75"]
[EventDate "2023.01.24"]
[EventType "team-tourn"]
[EventCountry "ESP"]
[SourceTitle "playchess.com"]
[Source "ChessBase"]
[SourceQuality "1"]
[TimeControl "40/5400+30:1800+30"]

1. e4 e6 2. d4 d5 3. Nd2 c5 4. Ngf3 cxd4 5. exd5 Qxd5 6. Bc4 Qd7 {C07: French Tarrasch: 3...c5, 4 Ngf3 and 4 exd5 Qxd5.} 7. O-O Nc6 8. Nb3 a6 {The position is equal.} 9. Nbxd4 Nxd4 10. Nxd4 Qc7 {Prevents Bf4} 11. Bb3 {11.Bd3 is the hot move.} Bd6 12. h3 Ne7 13. c3 O-O 14. Re1 e5 15. Nf3 {[#]} Ng6 $146 {[#]} (15... h6 $11 {remains equal.}) ({Predecessor:} 15... Bf5 16. Be3 Rad8 17. Qe2 Ng6 18. Rad1 h6 19. Qc4 Qe7 20. Bb6 Rc8 21. Qd5 Bb8 {1-0 Patil,P (2226)-Moradiabadi,E (2555) Titled Tuesday intern op 14th April blitz 2020 (1)}) 16. Ng5 $1 $16 {And now Qh5 would win.} h6 17. Qd3 {Nxf7 would be deadly. White is more active.} Kh8 (17... hxg5 $16 18. Qxg6 Re8 19. Qxg5 (19. Bxg5 Be6 $16) 19... Be6) 18. Nxf7+ $18 {[%mdl 64] Deflection} Rxf7 19. Bxf7 (19. Qxg6 $6 Rf6 20. Qe8+ Rf8) 19... Qxf7 20. Qxd6 Be6 21. Re3 Nh4 22. Qxe5 (22. Rxe5 Qg6 $18) 22... Rf8 {[%cal Ba8f8,Bf8f7,Bf7d7,Bd7d5][%mdl 32] [#]} 23. Qg3 (23. Qxe6 $2 {gets mated.} Qxf2+ 24. Kh2 Qxg2#) (23. Re2 $1 $18 Bd5 24. Bxh6 Bxg2 25. Qg3 {[%mdl 64] Deflection} Nf3+ 26. Kxg2 gxh6 27. Re3) 23... Nf5 $16 24. Qf4 {aiming for Re1.} Nxe3 25. Qxf7 (25. fxe3 $6 Qe8 26. Qe4 Qd7 $11) ({Don't play} 25. Qxe3 Rd8 $16) 25... Rxf7 26. Bxe3 {[%mdl 4096] Endgame KRB-KRB} ({But not} 26. fxe3 $6 Rd7 $14) 26... Rd7 27. Bd4 Kg8 28. b3 Kf7 29. Re1 Bd5 30. f3 Bc6 31. Kf2 Rd5 32. g4 Ra5 33. Re2 Bb5 $2 (33... Rd5 34. h4 g6) 34. c4 $18 {White is clearly winning.} Bc6 35. f4 {Inhibits Rg5.} h5 36. Bb6 Ra3 37. Bc5 Ra5 38. Bb4 {Weighted Error Value: White=0.05 (flawless) /Black=0.44} 1-0

[Event "Lliga Catalana DH 2023"]
[Site "Catalonia"]
[Date "2023.01.24"]
[Round "2.9"]
[White "Cuadras Avellana, Jordi"]
[Black "Molina Carretero, Daniel"]
[Result "1/2-1/2"]
[ECO "A18"]
[WhiteElo "2196"]
[BlackElo "2218"]
[Annotator "TA"]
[PlyCount "105"]
[EventDate "2023.01.24"]
[EventType "team-tourn"]
[EventCountry "ESP"]
[SourceTitle "playchess.com"]
[Source "ChessBase"]
[SourceQuality "1"]
[TimeControl "40/5400+30:1800+30"]

1. c4 Nf6 2. Nc3 e6 3. e4 d5 4. e5 Nfd7 5. cxd5 exd5 6. d4 Nc6 {[%emt 0:01:13] A18: English Opening: Flohr-Mikenas System (1 c4 Nf6 2 Nc3 e6 3 e4).} 7. Nf3 {[%emt 0:04:43] White is more active.} ({Reject} 7. Nxd5 Nb6 8. Nxb6 axb6 $11) 7... Nb6 {[%emt 0:00:37] [#]} 8. h3 $146 ({Predecessor:} 8. Bb5 Be7 9. O-O O-O 10. h3 Bf5 11. Bf4 Nb4 12. a3 a6 13. Be2 Nc6 14. Rc1 {1-0 Damljanovic,B (2504)-Drazic,S (2346) SRB-chT Premier 2021 (10.5)}) 8... Bf5 {[%emt 0:04:13] White is slightly better.} 9. Bd3 Qd7 10. O-O Be7 11. Be3 O-O 12. Qb1 Bxd3 13. Qxd3 f6 {[%emt 0:02:08] Prevents Ng5} 14. Rad1 Rae8 15. Ne2 Nc4 16. Bc1 Nb4 17. Qb1 fxe5 18. Nxe5 Nxe5 19. dxe5 Bc5 (19... c5 {simplifies} 20. a3 Nc6 21. Qa2 Nxe5 22. Rxd5 Qe6) 20. Bf4 (20. a3 $5 Na6 21. Bf4 $11) 20... Nc6 21. Qc2 Bb6 (21... b6 $15) 22. Qb3 $11 Nxe5 (22... Nd4 $11 23. Nxd4 Rxf4) 23. Rxd5 $14 Qf7 24. Rxe5 Qxb3 25. axb3 {[%emt 0:00:02] Hoping for Rxe8.} Rxe5 26. Bxe5 {[%emt 0:00:08] And now Nd4 would win.} Re8 {[%emt 0:00:09] [#]} 27. Bxc7 Bxc7 {[%emt 0:02:34][%mdl 4096] Endgame KRB-KRN} (27... Rxe2 28. Bxb6) 28. Nc3 Re6 29. Rd1 Kf8 30. Kf1 Be5 31. Rd5 Ke7 32. Rb5 b6 33. Rd5 Bf6 34. Rd3 Re5 35. Nd5+ Ke6 36. Nxf6 Kxf6 {[%emt 0:01:12] KR-KR} 37. Rf3+ Kg6 $1 38. Re3 Rc5 39. Rc3 {[%emt 0:00:15] Strongly threatening Rxc5.} Re5 (39... Ra5 $14) 40. Rc6+ $16 Kf5 41. Rc7 Rb5 (41... Kf6 $16 {was necessary.}) 42. Rc3 $2 ({Much less strong is} 42. Rxa7 Rxb3 43. Rxg7 h5) (42. Rxg7 $18 Rxb3 43. Rxa7 (43. Rxh7 a5 $16)) 42... h5 43. g3 a5 {[%emt 0:00:34] The position is equal.} 44. Ke2 g5 45. f3 h4 46. gxh4 gxh4 47. Ke3 Re5+ 48. Kf2 Rb5 49. Rd3 Rc5 50. Rc3 {[%emt 0:01:39] Rxc5+ is the strong threat.} Rb5 51. Rd3 Rc5 52. Ke3 Re5+ 53. Kf2 {[%emt 0:00:43] Weighted Error Value: White=0.13 (very precise) /Black=0.10 (very precise)} 1/2-1/2

[Event "Lliga Catalana DH 2023"]
[Site "Catalonia"]
[Date "2023.01.28"]
[Round "2.9"]
[White "Moya Nunez, Pau Salvador"]
[Black "Obon Temprano, Sergi"]
[Result "0-1"]
[ECO "C45"]
[WhiteElo "2153"]
[BlackElo "2193"]
[Annotator "TA"]
[PlyCount "108"]
[EventDate "2023.01.24"]
[EventType "team-tourn"]
[EventCountry "ESP"]
[SourceTitle "playchess.com"]
[Source "ChessBase"]
[SourceQuality "1"]
[TimeControl "40/5400+30:1800+30"]

1. e4 e5 2. Nf3 Nc6 3. d4 exd4 4. Nxd4 Bc5 5. Be3 Qf6 6. c3 Nge7 7. Bc4 Ne5 8. Be2 d5 9. f4 (9. O-O $5 O-O 10. Nd2 $11) 9... Qh4+ {C45: Scotch Game.} (9... Ng4 $11 10. Bxg4 Qh4+ 11. Bf2 Qxg4 12. Qxg4 Bxg4) 10. g3 $14 Qh6 11. Qd2 {[#]} (11. fxe5 $2 Qxe3 12. Nd2 Bh3 13. exd5 O-O-O $17) (11. Nb5 $14 Bxe3 12. Nxc7+ (12. fxe5 $2 Qb6 $19) 12... Kf8 13. Nxa8) 11... Ng4 $146 {Black is slightly better.} ({Predecessor:} 11... Nc4 12. Bxc4 dxc4 13. Qe2 Qb6 14. O-O Nc6 15. Rd1 O-O 16. Na3 Bxa3 17. bxa3 Re8 18. Qxc4 {1-0 Van den Dikkenberg,E (2195)-Swinkels,J (2046) Dieren op 2005 (5)}) 12. Bxg4 (12. e5 $15 {is more appropriate.}) 12... Bxg4 $17 13. e5 O-O-O {White is weak on the light squares} 14. b4 Bxd4 15. Bxd4 Qa6 16. Kf2 h5 {...h4 is the strong threat.} 17. h4 f6 {Black is more active.} 18. exf6 (18. a4 {keeps fighting.}) 18... gxf6 19. a4 Nf5 {...Rde8 would be deadly.} 20. b5 $2 (20. Na3) 20... Qd6 $19 (20... Qe6 21. Re1 Qd6 22. Kg2 $17) 21. Na3 $2 (21. Qd3 {was called for.} Rhe8 22. Nd2) 21... Rde8 22. Rhe1 {Against Re2+} Rxe1 23. Qxe1 {[#]} Nxh4 $1 {[%mdl 576] Strongly threatening ...Nf5. Deflection} 24. Nc2 (24. gxh4 Qxf4+ 25. Kg1 Bh3 26. Bxf6 Qg4+ 27. Kf2 Qg2+ 28. Ke3 Re8+) 24... Nf5 {White must now prevent ...h4.} 25. Ne3 Nxe3 (25... Nxd4 $19 26. cxd4 Bd7) 26. Qxe3 $17 Bd7 {Threatens to win with ...h4.} (26... a5 {feels hotter.} 27. Bc5 Qd7 28. Qe7 Re8) 27. Bc5 {[#]} ({White should try} 27. Re1 $1 $15) 27... Qe6 $2 (27... d4 $1 $19 28. Qe7 (28. cxd4 Qd5 $17) (28. Qxd4 $2 {is the wrong capture.} Qe6 $19) 28... Qd5 29. Qxf6 Rg8 30. Qxd4 (30. Bxa7 $2 Bh3 $19) 30... Qf5) 28. Qxe6 $11 Bxe6 {[%mdl 4096] Endgame KRB-KRB} 29. Re1 Kd7 30. Bxa7 b6 31. a5 bxa5 32. Ra1 h4 33. gxh4 Rxh4 34. Be3 Rh2+ 35. Kf3 Rh3+ 36. Kf2 Bg4 37. Bd4 Rf3+ 38. Kg2 Rxf4 39. Kg3 Re4 40. Bxf6 a4 {Hoping for ...Be2.} 41. Bd4 $1 Be2 42. Rxa4 (42. b6 {looks sharper.} Kc8 43. bxc7 Bb5 44. Rb1) 42... Bxb5 43. Ra5 c6 44. Kf3 Kd6 45. Ra8 Re1 46. Rd8+ Kc7 47. Rh8 Re6 48. Rh7+ Kd6 49. Rb7 Re4 50. Rf7 c5 51. Rf6+ $2 {[%mdl 8192] White does not recover from this.} (51. Be3 $15) 51... Ke7 $19 52. Rf5 Be2+ ({Inferior is} 52... cxd4 53. Rxd5 Re3+ 54. Kf4 $15) 53. Kf2 cxd4 54. Rxd5 dxc3 {Weighted Error Value: White=0.56/Black=0.29 (precise)} 0-1

[Event "Lliga Catalana DH 2023"]
[Site "Catalonia"]
[Date "2023.01.28"]
[Round "2.10"]
[White "Martinez Ramirez, Erik"]
[Black "Llaneza Vega, Patricia"]
[Result "1-0"]
[ECO "B62"]
[WhiteElo "2186"]
[BlackElo "2130"]
[Annotator "TA"]
[PlyCount "93"]
[EventDate "2023.01.24"]
[EventType "team-tourn"]
[EventCountry "ESP"]
[SourceTitle "playchess.com"]
[Source "ChessBase"]
[SourceQuality "1"]
[TimeControl "40/5400+30:1800+30"]

1. e4 c5 2. Nf3 d6 3. d4 cxd4 4. Nxd4 Nf6 5. Nc3 Nc6 6. Bg5 e6 7. Qd3 Be7 8. O-O-O O-O 9. h4 $1 {[%mdl 4] is now more promising than 9.f4. B62: Sicilian: Richter-Rauzer: 6...e6: Unusual White 7th moves.} Bd7 10. f4 Nxd4 11. Qxd4 {The position is equal.} Bc6 {[#]} 12. Kb1 $146 ({Predecessor:} 12. f5 exf5 13. exf5 Qa5 14. Re1 Rfe8 15. Bd3 Qc5 16. Qxc5 dxc5 17. Bb5 Bxb5 18. Nxb5 {½-½ Dann,M (2303)-Dranov,A (2447) BL2-West 0910 2009 (6.2)}) 12... Re8 13. Be2 Qb6 14. Bxf6 Bxf6 15. Qxb6 axb6 16. Nb5 Bxb5 (16... Red8 $1 $11) 17. Bxb5 $16 Red8 18. c4 h5 19. Rd3 Kf8 20. Rhd1 g6 21. g3 Be7 22. Rf1 {Black is weak on the light squares} f5 23. Re1 Kf7 24. exf5 exf5 25. c5 dxc5 (25... bxc5 $11 {remains equal.} 26. Bc4+ Kf8) 26. Bc4+ Kf8 {[#]} 27. Rde3 $1 $36 {[%mdl 2048] Black is under strong pressure. White is more active.} Bf6 28. Re6 Kg7 29. Rxb6 {Black must now prevent Ree6.} Rd7 $2 {Loses the game.} (29... Ra4 $16 {is a better defense.} 30. Rxb7+ Kh6) 30. Ree6 $18 Rf8 31. Kc2 Re7 $2 (31... Rd4) 32. Red6 Rc7 33. a4 Re7 34. b3 Rc7 35. Re6 Rd7 (35... Rcf7 {keeps fighting.} 36. Bd5 Rd7) 36. Bb5 Rc7 37. Bd3 Rd7 (37... Rcf7 $142 38. Bc4 Rd8) 38. Bc4 Rc7 $2 (38... Rdf7 39. Bd5 Rd7) 39. Bd5 Rff7 $2 (39... Rd7) 40. Red6 Rf8 41. Bxb7 c4 42. Bd5 cxb3+ 43. Kxb3 Rc3+ 44. Kb4 Rxg3 $2 (44... Rcc8 45. Rb7+ Kh6) 45. Rd7+ {White is clearly winning.} Kh6 46. Rbb7 Rh8 {[#] Prevents Rh7+} 47. Bg8 $1 {[%mdl 576] Deflection.   Weighted Error Value: White=0.40/Black=0.53} 1-0

[Event "Lliga Catalana DH 2023"]
[Site "Catalonia"]
[Date "2023.01.24"]
[Round "2.10"]
[White "Terry Cuellar, Luis Antonio"]
[Black "Colls Gelaberto, Emili"]
[Result "1-0"]
[ECO "B07"]
[WhiteElo "2110"]
[BlackElo "2074"]
[Annotator "TA"]
[PlyCount "56"]
[EventDate "2023.01.24"]
[EventType "team-tourn"]
[EventCountry "ESP"]
[SourceTitle "playchess.com"]
[Source "ChessBase"]
[SourceQuality "1"]
[TimeControl "40/5400+30:1800+30"]

1. e4 c6 2. Ne2 e5 3. d4 d6 4. Nbc3 Nf6 5. f3 Be7 6. Be3 Nbd7 7. Qd2 Nb6 {[%emt 0:02:31] B07: Pirc Defence: Miscellaneous Systems.} 8. b3 {[%emt 0:04:06] Prevents Nc4.} Qc7 {[%emt 0:03:56] [#]} (8... exd4 $11 9. Bxd4 (9. Qxd4 d5 $15) 9... O-O) 9. a4 $146 ({Predecessor:} 9. g4 Be6 10. a4 Rd8 11. a5 Nc8 12. d5 Bd7 13. Ng3 cxd5 14. exd5 h6 15. Nb5 {0-1 Schubert,M (1976)-Wiege,A (2089) Hannover Ihme Cup 2014 (2)}) 9... a5 (9... O-O $14) 10. g4 $16 g6 (10... Be6 $16) 11. Bh6 (11. O-O-O $18) 11... Bf8 (11... Be6 $1 $14) 12. h4 exd4 ({Better is} 12... Bxh6 13. Qxh6 Be6) 13. Bxf8 ({Don't take} 13. Qxd4 Bxh6 14. g5 (14. Qxf6 O-O $15) 14... Bf8 $14) 13... Rxf8 14. Qxd4 Nfd7 15. f4 {[%emt 0:01:18] Repels Ne5. White is more active.} ({White should play} 15. Bg2 $16) 15... Nc5 $14 16. Bh3 Bd7 17. O-O-O Nc8 $2 {[%emt 0:02:50][%mdl 8192] A mistake that costs the game.} (17... O-O-O $16) 18. e5 $18 Ne6 19. Qe3 (19. exd6 $142 Nxd4 20. dxc7 Nxe2+ 21. Nxe2) 19... dxe5 $2 (19... Qb6 20. Qxb6 Nxb6) 20. f5 {[%emt 0:03:49] [#] Ne4 is the strong threat.} ({Not} 20. fxe5 Nb6 $16) ({Weaker is} 20. Qxe5 Qxe5 21. fxe5 Nc5 $14) 20... Nd8 (20... Nd6 $142 21. fxe6 Bxe6) 21. Ne4 {[%emt 0:01:55] Hoping for Nf6+.} f6 22. fxg6 hxg6 23. Qh6 Qb6 24. Qxg6+ Ke7 25. g5 {[%emt 0:10:18][%csl Gh3][%cal Rd1d7] [#]} f5 26. Qg7+ Rf7 27. Qxe5+ Be6 28. Nc5 (28. Nf4 $142 Qe3+ {[%mdl 64] Pin} 29. Kb1 Qxf4 30. Qxf4 Bd5 {[%mdl 64] Pin} 31. Qe5+ Ne6 32. Bxf5 Rxf5 33. Qxf5) 28... Qb4 {[%emt 0:02:45] Weighted Error Value: White=0.27 (precise) /Black=1.39} 1-0

[Event "Lliga Catalana DH 2023"]
[Site "Catalonia"]
[Date "2023.02.04"]
[Round "3.1"]
[White "Aroshidze, Levan"]
[Black "Movsziszian, Karen"]
[Result "1-0"]
[ECO "C60"]
[WhiteElo "2535"]
[BlackElo "2483"]
[Annotator "TA"]
[PlyCount "90"]
[EventDate "2023.01.24"]
[EventType "team-tourn"]
[EventCountry "ESP"]
[SourceTitle "playchess.com"]
[Source "ChessBase"]
[SourceQuality "1"]
[TimeControl "40/5400+30:1800+30"]

1. e4 e5 2. Nf3 Nc6 3. Bb5 a6 4. Ba4 Nge7 5. c3 g6 6. O-O Bg7 7. d4 exd4 8. cxd4 b5 {[%emt 0:00:00] C60: Ruy Lopez: Unusual Black 3rd moves and 3...g6.} 9. Bc2 d5 10. exd5 Nb4 {[%emt 0:00:18] White is slightly better.} 11. Bb3 Nbxd5 12. Bg5 {[%emt 0:01:46] Hoping for Re1.} Qd6 13. Nbd2 O-O 14. Ne4 Qb6 15. Re1 {[%emt 0:12:42] [#] White wants to play Nc5.} (15. Nc5 $5) 15... h6 $146 ({Predecessor:} 15... c6 16. Qd2 Nf5 17. Nc5 h6 18. Be3 Nfxe3 19. fxe3 Bg4 20. Qf2 Rad8 21. Rad1 Rfe8 {1-0 Narayanan,S (2464)-Derakhshani,B (2079) Barcelona Sant Marti op-A 17th 2015 (1)}) 16. Bxe7 Nxe7 17. Ne5 {[%emt 0:01:07] Against Bg4} Be6 18. Nc5 {[%emt 0:04:53] A dynamic duo of knights.} Bxb3 19. Qxb3 Qd6 20. Rad1 Bxe5 (20... Nf5 $5 ) 21. Rxe5 Nf5 22. Qc3 $36 {[%emt 0:04:28][%mdl 2048] Black is under pressure.} Rae8 {[%emt 0:09:30] [#] ...Rxe5 would be deadly.} 23. Ne4 (23. Rde1 $5 Qd8 24. Kf1 $14 (24. Nxa6 Nxd4 25. Nc5 Rxe5 $11)) 23... Qb6 24. Nc5 Rd8 25. b4 Qf6 {[%emt 0:00:48] White must now prevent ...Qxe5.} 26. d5 Nd6 27. Re3 (27. Nxa6 $2 {too greedy.} Nc4 28. Nxc7 Nxe5 $19) 27... Qf5 (27... Qxc3 $11 28. Rxc3 Ra8) 28. Nxa6 {[%emt 0:01:53] White is much more active.} Ra8 29. Rf3 (29. Qc6 $5 ) 29... Qc8 30. Nxc7 (30. Nc5 $1 $14) 30... Rxa2 (30... Ra7 $11 {keeps the balance.} 31. Rc1 Qd7) 31. Qc6 $16 Rd8 32. Nxb5 Nxb5 33. Qxb5 Qc2 34. Qd3 Qb2 35. h4 h5 (35... Ra1 $16) 36. Rf4 $18 Rd6 37. Qc4 Ra1 38. Qf1 (38. Rxa1 $18 {and the rest is easy. White threatens Ra8+ and mate.} Qxa1+ 39. Kh2) 38... Rxd1 $16 39. Qxd1 {[%emt 0:00:02] aiming for Qe1.} Rxd5 {[%emt 0:00:06][%mdl 4160] [#] Endgame Deflection. KQR-KQR} 40. Qf3 {[%emt 0:00:54][%cal Of4f7] And now Rxf7! would win.} Rd4 $2 (40... Rd7 $16 {was worth a try.} 41. g3 Qe5) 41. Rxd4 (41. Rxf7 {is a self mate.} Qc1+ 42. Kh2 Rxh4+) (41. Qa8+ $142 Kg7 42. Rxd4 Qxd4 43. Qa5) 41... Qxd4 $18 42. Qb3 ({White should try} 42. Qa8+ $16 Kg7 43. Qb8 Qd1+ 44. Kh2) 42... Qxh4 $2 (42... Qa1+ $11 43. Kh2 Qd4) 43. b5 {[%emt 0:00:07] White is clearly winning.} Qe4 44. b6 {[%emt 0:00:49] Strongly threatening b7.} Qb7 45. Qb5 {[%emt 0:00:19] Qc5 is the strong threat.} f6 {[%emt 0:00:38] Weighted Error Value: White=0.24 (precise) /Black=0.26 (precise)} 1-0

[Event "Lliga Catalana DH 2023"]
[Site "Catalonia"]
[Date "2023.02.04"]
[Round "3.1"]
[White "Alsina Leal, Daniel"]
[Black "Edouard, Romain"]
[Result "1/2-1/2"]
[ECO "B60"]
[WhiteElo "2520"]
[BlackElo "2532"]
[Annotator "TA"]
[PlyCount "63"]
[EventDate "2023.01.24"]
[EventType "team-tourn"]
[EventCountry "ESP"]
[SourceTitle "playchess.com"]
[Source "ChessBase"]
[SourceQuality "1"]
[TimeControl "40/5400+30:1800+30"]

1. e4 c5 2. Nf3 d6 3. d4 cxd4 4. Nxd4 Nf6 5. Nc3 Nc6 6. Bg5 g6 7. Bxf6 exf6 8. Bb5 {B60: Sicilian: Richter-Rauzer: Unusual Black 6th moves and 6...Bd7 without 7 Qd2.} Bd7 9. Qd2 Bg7 10. O-O-O O-O $1 11. Nb3 a6 12. Be2 {[#]} Qb6 $146 ({Predecessor:} 12... f5 13. Qxd6 Qg5+ 14. Kb1 Rad8 15. h4 Qe7 16. Qxe7 Nxe7 17. Nd5 Nc6 18. Bf3 Rfe8 19. exf5 Bxf5 {½-½ Naiditsch,A (2702)-Najer,E (2640) EU-ch 13th Plovdiv 2012 (8)}) 13. Qxd6 Be6 14. Qc5 {White is more active.} Qc7 15. Nd5 Qe5 16. Nb6 {[#] Black must now prevent Qxe5. Excellent horsemanship.} Qf4+ 17. Nd2 (17. Qe3 {simplifies} Qxe3+ 18. fxe3 Rae8 19. Bf3) 17... Rad8 18. g3 $1 Qb8 19. Bc4 Rfe8 20. Bxe6 Rxe6 21. Nd5 f5 22. f3 ({White should try} 22. exf5 $16 Bd4 23. Qc4) 22... b5 {[#]} (22... Ne5 $11) 23. Nf4 (23. Qxc6 $1 $16 Rxc6 24. Ne7+ Kf8 25. Nxc6) 23... Red6 $11 {And now ...Nd4 would win.} 24. Nb3 Nd4 25. Nxd4 Bxd4 26. Qa3 fxe4 27. fxe4 R6d7 28. Qf3 (28. Qxa6 Be3+) 28... Bg7 (28... b4 $11 {keeps the balance.}) 29. Rxd7 $16 Rxd7 30. Rd1 (30. Nd3 $14) 30... Re7 ({Better is} 30... Rxd1+ $11 31. Qxd1 Bh6) 31. Nd5 $14 Re6 32. Rf1 {Weighted Error Value: White=0.14 (very precise) /Black=0.19 (very precise)} 1/2-1/2

[Event "Lliga Catalana DH 2023"]
[Site "Catalonia"]
[Date "2023.02.04"]
[Round "3.2"]
[White "Peralta, Fernando"]
[Black "Cuartas Medina, Jaime Alexander"]
[Result "0-1"]
[ECO "E43"]
[WhiteElo "2596"]
[BlackElo "2507"]
[Annotator "TA"]
[PlyCount "100"]
[EventDate "2023.01.24"]
[EventType "team-tourn"]
[EventCountry "ESP"]
[SourceTitle "playchess.com"]
[Source "ChessBase"]
[SourceQuality "1"]
[TimeControl "40/5400+30:1800+30"]

1. d4 Nf6 2. c4 e6 3. Nc3 Bb4 4. e3 b6 5. Bd3 Bb7 6. Nf3 c5 7. O-O O-O 8. Bd2 d6 9. a3 {9.Qe2 is not played anymore.} Bxc3 10. Bxc3 Nbd7 {E43: Nimzo-Indian: Rubinstein: 4...b6.} 11. Nd2 cxd4 12. exd4 d5 {White is slightly better.} 13. b3 {[#]} Qb8 $146 (13... dxc4 $5 14. bxc4 Ne5 $11) ({Predecessor:} 13... dxc4 14. bxc4 Qc7 15. Re1 Rfd8 16. Rc1 Qd6 17. a4 Bc6 18. a5 bxa5 19. Bxa5 Rdc8 {1-0 Vyzharov,I (2163)-Bernal Varela,N (2033) IECG QA.2005.0.00066}) 14. Re1 Re8 15. Bb2 e5 16. dxe5 Nxe5 17. Bf1 {This pair of bishops is nice.} Qc7 {...Neg4 would be deadly.} 18. Bxe5 (18. cxd5 $14 Neg4 19. Nf3) 18... Rxe5 $11 19. Rxe5 Qxe5 20. Nf3 Qe7 21. Qe1 Qxe1 22. Rxe1 dxc4 23. Bxc4 Bxf3 24. gxf3 {[%mdl 4096] Endgame Threatens to win with Re7. KRB-KRN} Kf8 {Against Re7} 25. Rd1 Rc8 26. Kg2 Rc7 27. f4 Ne4 28. Kf3 Nc5 29. f5 {[#]} (29. Ke2 $11 {and White is okay.}) 29... Nxb3 $1 $19 {[%mdl 576] Decoy} 30. Bb5 Ke7 31. Kf4 Nc5 32. Re1+ Kf6 33. Rd1 g5+ 34. fxg6 hxg6 35. Ke3 Re7+ 36. Kf3 Ne4 37. Bc6 {[#]} Ng5+ 38. Kg2 Rc7 39. Ba8 (39. h4 $17 Ne6 40. Bb5) 39... Ne6 40. Re1 Rc3 41. Re3 Rxe3 42. fxe3 {KB-KN} Ke5 43. h4 $2 (43. Kf3) 43... Ng7 {Black is clearly winning.} 44. e4 Kf4 {aiming for ...Kg4.} 45. Kh3 (45. Bd5 $142 Ne6 46. Kh3) 45... Ne8 46. Bd5 Nd6 47. a4 (47. Kg2 $142) 47... f6 (47... Nxe4 $2 {perishes.} 48. Bxf7 g5 49. Bh5 $19) 48. Bc6 Nxe4 {And now ...f5 would win.} 49. Be8 g5 50. h5 Nf2+ {Weighted Error Value: White=0.61/Black=0.03 (flawless)} 0-1

[Event "Lliga Catalana DH 2023"]
[Site "Catalonia"]
[Date "2023.02.04"]
[Round "3.2"]
[White "Barbero Sendic, Alejandro"]
[Black "Prie, Eric"]
[Result "0-1"]
[ECO "D00"]
[WhiteElo "2351"]
[BlackElo "2372"]
[Annotator "TA"]
[PlyCount "80"]
[EventDate "2023.01.24"]
[EventType "team-tourn"]
[EventCountry "ESP"]
[SourceTitle "playchess.com"]
[Source "ChessBase"]
[SourceQuality "1"]
[TimeControl "40/5400+30:1800+30"]

1. d4 d5 2. Nc3 Nf6 3. Bf4 c5 4. e4 Nxe4 5. Nxe4 dxe4 6. dxc5 {[%emt 0:00:20] D00: 1 d4 d5: Unusual lines.} Qa5+ 7. c3 Qxc5 8. Qa4+ {[%emt 0:00:19] The position is equal.} Nc6 9. Qxe4 g6 10. Nf3 Bg7 {[%emt 0:00:12][%cal Og7c3] [#] White must now prevent ...Bxc3+!} 11. Qc4 {[%emt 0:04:12] [#]} Qa5 $146 ({Predecessor:} 11... Qb6 12. Qb5 Qxb5 13. Bxb5 Bd7 14. O-O-O a6 15. Bc4 Bg4 16. Bd5 O-O 17. h3 Bc8 {½-½ Brixel,C (165)-White,S (203) Kidlington op 43rd 2020 (4)}) 12. Bd3 Be6 13. Qb5 Qxb5 14. Bxb5 Bd5 15. O-O a6 16. Ba4 b5 17. Bc2 O-O 18. Rfd1 Rfd8 19. Bc7 Rd7 20. Bb6 Rb8 21. Bc5 Rbd8 22. a4 h6 23. Bb6 Bxf3 24. gxf3 Rxd1+ 25. Rxd1 Rxd1+ 26. Bxd1 $11 {[%emt 0:00:07][%mdl 4096] Endgame KBB-KBN} Ne5 27. Be2 Nc4 28. Bxc4 (28. Bc5 $11) 28... bxc4 {[%emt 0:00:06] KB-KB} 29. f4 f5 30. Kg2 Kf7 31. Kf3 Ke6 32. h3 Kd5 33. Be3 Bf6 {[%emt 0:00:29] aiming for ...e6.} 34. Ba7 $2 {[%emt 0:01:19] [#]} (34. Bb6 $17 {was worth a try.}) 34... g5 $19 35. Bb6 gxf4 $2 ({Black should play} 35... e6 $19 {Threatens to win with ...gxf4.} 36. Be3 gxf4) 36. Kxf4 $15 e6 37. Be3 $2 (37. Ke3 $15) 37... Bg5+ $19 38. Kf3 Bxe3 39. Kxe3 e5 40. Kd2 e4 {[%emt 0:00:29] Weighted Error Value: White=0.53/Black=0.15 (very precise)} (40... f4 $142 41. Kd1 e4 42. Ke2 Ke5 43. f3 exf3+ 44. Kf2 Ke4 45. h4 h5 46. a5 Kd5 47. Kxf3 Ke5 48. Kf2 Ke4 49. Ke2 f3+ 50. Kd2 Kf4 51. b4 cxb3 52. Kd3 f2 53. c4 f1=Q+ 54. Kc3 Qb1 55. Kd4 b2 56. Kc3 Qa1 57. c5 b1=Q+ 58. Kc4 Qe4+ 59. Kb3 Qea4#) 0-1